 Dungeon Crawl Stone Soup version 0.30-a0-630-g881e3bac89 (webtiles) character file.

Game seed: 15343083039549079843

52 Bnni the Sneak (level 3, -4/19 HPs)
             Began as a Vine Stalker Brigand on Jan 13, 2023.
             Killed by divine providence
             ... invoked by an orc priest
              (11 damage)
             ... on level 3 of the Dungeon.
             The game lasted 00:03:56 (2073 turns).

Bnni the Sneak (Vine Stalker Brigand)               Turns: 2073, Time: 00:03:56

Health: -4/19      AC: 18    Str: 13    XL:     3   Next: 85%
Magic:  0/4        EV: 13    Int: 11    God:
Gold:   186        SH:  4    Dex: 17    Spells: 2/2 levels left

rFire   . . .      SeeInvis .    u - +1 short sword (protect)
rCold   . . .      Faith    .    o - +0 buckler
rNeg    . . .      Spirit   +    s - +0 scale mail
rPois   .          Reflect  .    (no helmet)
rElec   .          Harm     .    c - +0 cloak
rCorr   .          Rampage  .    n - +2 pair of gloves
Will    .....                    j - +0 pair of boots
Stlth   ++                       r - amulet of magic regeneration
HPRegen 0.23/turn                p - +5 ring of evasion
MPRegen 0.49/turn                (no ring)

@: under a protective aura
A: fangs 2, magic shield, antimagic bite, no potion heal 2
a: no special abilities


You were on level 3 of the Dungeon.
You visited 1 branch of the dungeon, and saw 4 of its levels.

You collected 186 gold pieces.

Inventory:

Hand Weapons
 a - a +2 dagger
 l - a +0 rapier
 u - a +1 short sword of protection (weapon)
Missiles
 d - 17 poisoned darts (quivered)
 e - 3 curare-tipped darts
 m - 5 javelins
Armour
 c - a +0 cloak (worn)
 j - a +0 pair of boots (worn)
 n - a +2 pair of gloves (worn)
 o - a +0 buckler (worn)
 s - a +0 scale mail (worn)
Jewellery
 p - a +5 ring of evasion (left hand)
 r - an amulet of magic regeneration (around neck)
Scrolls
 b - 3 scrolls of identify {unknown}
 f - a scroll of immolation {unknown}
 h - a scroll of silence {unknown}
 k - a scroll of teleportation {unknown}
 v - a scroll of fear {unknown}
Potions
 g - a potion of heal wounds {unknown}
 i - a potion of might {unknown}
 q - a potion of attraction {unknown}
 t - a potion of curing {unknown}
 w - a potion of degeneration {unknown}
Miscellaneous
 x - a tin of tremorstones (2/2)


   Skills:
 + Level 2.4 Fighting
 * Level 3.0 Short Blades
 - Level 1.7 Throwing
 - Level 0.7 Dodging
 - Level 4.8 Stealth
 + Level 0.6 Shields


You had 2 spell levels left.
You didn't know any spells.
Your spell library contained the following spells:

 Spells                   Type           Power      Damage    Failure   Level
 Kiss of Death            Conj/Necr      0%         2d5       94%         1
 Ensorcelled Hibernation  Hex/Ice        0%         N/A       98%         2
 Passwall                 Tmut/Erth      0%         N/A       98%         2
 Confusing Touch          Hex            0%         N/A       100%        3
 Swiftness                Air            0%         N/A       100%        3
 Dispel Undead            Necr           0%         3d6       100%        4


Dungeon Overview and Level Annotations

Branches:
Dungeon (4/15)
 Temple: D:4-7

Altars:
Wu Jian

Shops:
D:2 *

Annotations:
D:4 1 runed translucent door, Crazy Yiuf


Innate Abilities, Weirdness & Mutations

You have extremely sharp teeth.
When hurt, damage is shared between your health and your magic reserves.
Your bite disrupts and absorbs the magic of your enemies.
Potions cannot restore your health.


Message History

The ball python hisses angrily.
You hit the ball python.
Your weapon exudes an aura of protection.
You kill the ball python!
No target in view!
No target in view!
No target in view!
No target in view!
No target in view!
No target in view!
No target in view!
No target in view!
No target in view!
You see here a ball python corpse.
An orc priest comes into view. It is wielding a +0 hand axe.
The orc priest shouts!
You hear a shout!
You see here a book of Burglary.
You pick up a book of Burglary and begin reading...
You add the spells Passwall, Ensorcelled Hibernation and Swiftness to your library.
The orc priest closely misses you.
You closely miss the orc priest. The orc priest barely misses you.
An orc priest comes into view. It is wielding a +0 club.
The orc priest shouts!
You hit the orc priest.
Your weapon exudes an aura of protection.
The orc priest is lightly wounded.
You hear a shout!
The orc priest barely misses you.
You hit the orc priest but do no damage.
The orc priest is lightly wounded.
The orc priest misses you.
The orc priest calls down the wrath of Beogh upon you.
Beogh smites you!
Ouch! That really hurt!
You are too injured to fight recklessly!
You are too injured to fight recklessly!
The orc priest calls down the wrath of Beogh upon you.
Beogh smites you!
Ouch! That really hurt!
You die...

# #......(.......# ##
######....#####..##.####
..........# #.#........
######...## ##.†.#.####
##.## ##...## #.# #...##
#.# #..## #.#######..#
#.........@####.#
##########..o.o.#
########


You could see 2 orc priests.

Vanquished Creatures
  2 worms
  An orc (D:3)
  3 bats
  6 endoplasms
  A giant cockroach (D:3)
  3 goblins
  8 hobgoblins
  3 jackals
  2 quokkas
  3 ball pythons
  A frilled lizard (D:1)
  3 kobolds
  3 rats
39 creatures vanquished.

Notes
Turn   | Place    | Note
-------+----------+-------------------------------------------
     0 | D:1      | Bnni the Vine Stalker Brigand began the quest for the Orb.
     0 | D:1      | Reached XP level 1. HP: 11/11 MP: 2/2
    51 | D:1      | Reached XP level 2. HP: 14/15 MP: 3/3
   830 | D:2      | Found Giaczioq's General Store.
   885 | D:2      | Found an ornate altar of the Wu Jian Council.
   906 | D:2      | Reached XP level 3. HP: 15/18 MP: 4/4
  1116 | D:2      | You fall into a shaft and drop 2 floors!
  1120 | D:4      | Found a runed translucent door.
  1121 | D:4      | Noticed Crazy Yiuf
  2073 | D:3      | Killed from afar by an orc priest

Illustrated notes

Levels and vault maps discovered:
D:1:      psy_arrival_dodecagon, layout_basic, minivault_5
D:2:      layout_basic, serial_shops,
          nicolae_shop_temple_entry_statues_fountains, basic_altar,
          minmay_liquid_box, corner_web_ring
D:3:      minmay_octagon_keep, layout_loops_ring, serial_shops, shop,
          minmay_surrounded
D:4:      nicolae_BIG_FREAKIN_CUBE, layout_loops_ring, lemuel_round_altar,
          serial_shops, nicolae_diamond_shop, uniq_crazy_yiuf_cottage

Skill      XL: |  1  2  3 |
---------------+----------+-----
Short Blades   | 2 3 |  3.0
Fighting       | 2 |  2.4
Throwing       | |  1.7
Dodging        | |  0.7
Stealth        | |  4.8
Shields        | |  0.6

Action                   || total
-------------------------++-------
Melee: Dagger            ||    82
       Bite              ||    35
       Punch             ||     1
       Short sword       ||    32
 Stab: Sleeping          ||     7
       Distracted        ||     1
Armor: Robe              ||     3
       Ring mail         ||    14
       Scale mail        ||    21
Dodge: Dodged            ||    71
Block: Buckler           ||     8

Table legend: (Time is in decaauts)
 A = Elapsed time spent in this place.
 B = Non-inter-level travel time spent in this place.
 C = Inter-level travel time spent in this place.
 D = Time resting spent in this place.
 E = Time spent auto-exploring this place.
 F = Levels seen in this place.
 G = Mean time per level.
                   A        B        C        D        E       F      G
               +--------+--------+--------+--------+--------+-----+--------+
         Total |   2059 |   1963 |     96 |      0 |   1608 |   4 |  514.8 |
       Dungeon |   2059 |   1963 |     96 |      0 |   1608 |   4 |  514.8 |
               +--------+--------+--------+--------+--------+-----+--------+

Top non-repeatable levels by time:
     D:2: 893 daAuts
     D:1: 798 daAuts
     D:3: 316 daAuts
     D:4: 51 daAuts
